AoeStats
← Smitthh 9736

Arabian Desert

508951183Analyzed
1v1 RM · 8d ago on Sep 24, 2026· 25m 33s· 2 players
Game mode
Random Map
Map size
Tiny (2 player)
Population
200
Speed
Normal
Resources
Standard
Victory
Conquest
Starting age
Dark Age
Ending age
Imperial Age
RankedLock teamsTeams togetherTeam positionsShared explorationLock speedFull tech treeHidden civsTurbo modeCheats
Victory
Defeat
🇺🇸 Danes · United States
1005
+16
🇫🇷 Britons · France
997
-16
Smitthh 9736
10:07 Feudal Age
9:08 Loom
25:32 Castle Age
fishbonestew
6:57 Loom
9:21 Feudal Age
10:49 Double-Bit Axe
10:41 Man-at-Arms
16:03 Horse Collar
18:36 Wheelbarrow
18:08 Fletching
18:19 Padded Archer Armor
23:22 Castle Age
23:23 Elite Skirmisher
25:43 Scale Mail Armor
Connection lost

Rejoining the realm…

Still unreachable

The connection could not be restored.

Session expired

The server has moved on; the page needs a fresh start.